 Dungeon Crawl Stone Soup version 0.28.0 (webtiles) character file.

Game seed: 15058415687104276792

3422 dolemite99 the Cleaver (level 9, -4/86 HPs)
             Began as a Minotaur Monk on Feb 5, 2022.
             Was an Elder of the Shining One.
             Slain by Harold (21 damage)
             ... on level 7 of the Dungeon.
             The game lasted 00:09:31 (9137 turns).

dolemite99 the Cleaver (Minotaur Monk)              Turns: 9137, Time: 00:09:31

Health: -4/86      AC: 15    Str: 19    XL:     9   Next: 76%
Magic:  8/8        EV:  8    Int:  7    God:    the Shining One [****..]
Gold:   330        SH:  0    Dex: 14    Spells: 8/8 levels left

rFire   . . .      SeeInvis .   E - +3 dire flail
rCold   . . .      Faith    .   (shield currently unavailable)
rNeg    + + .      Spirit   .   C - +0 chain mail
rPois   +          Reflect  .   (helmet restricted)
rElec   .          Harm     .   v - +1 cloak {Stlth+}
rCorr   .          Rampage  .   (no gloves)
Will    +....                   l - +0 pair of boots
Stlth   ..........              (no amulet)
HPRegen 0.24/turn               j - ring of willpower
MPRegen 0.11/turn               r - +4 ring of protection {=R}

@: marked, glowing
A: horns 2, retaliatory headbutt, poison resistance
a: Renounce Religion, Divine Shield, Cleansing Flame


You were on level 7 of the Dungeon.
You worshipped the Shining One.
The Shining One was greatly pleased with you.
You visited 1 branch of the dungeon, and saw 7 of its levels.

You collected 330 gold pieces.

Inventory:

Hand Weapons
 a - a +5 hunting sling of flaming
 b - a +0 shortbow
 A - a +0 hand axe
 E - a +3 dire flail (weapon)
Missiles
 g - 236 stones (quivered)
 h - 10 poisoned darts
 n - 63 arrows
 o - 51 sling bullets
Armour
 i - a +0 leather armour
 k - a +0 robe
 l - a +0 pair of boots (worn)
 m - a +0 ring mail
 t - a +0 scale mail
 v - a +1 cloak of stealth (worn)
 C - a +0 chain mail (worn)
Jewellery
 f - an amulet of reflection
 j - a ring of willpower (left hand)
 r - a +4 ring of protection (right hand) {=R}
 s - an amulet of guardian spirit
Wands
 c - a wand of flame (30)
 e - a wand of polymorph (6)
 q - a wand of paralysis (20)
Scrolls
 d - 2 scrolls of vulnerability
 y - a scroll of magic mapping
 z - a scroll of enchant armour {unknown}
 B - a scroll of fear
 F - a scroll of amnesia {unknown}
Potions
 u - a potion of invisibility
 w - 2 potions of degeneration {unknown}
 x - 2 potions of lignification {unknown}
 D - a potion of haste {unknown}


   Skills:
 - Level 10.8 Fighting
 - Level 12.5 Axes
 + Level 2.7 Slings
 - Level 3.3 Bows
 - Level 0.8 Armour
 - Level 3.2 Dodging
 - Level 1.5 Stealth


You had 8 spell levels left.
You didn't know any spells.
Your spell library contained the following spells:

 Spells                   Type           Power      Damage    Failure   Level
 Dazzling Flash           Conj/Hex       0%         N/A       100%        3
 Agony                    Necr           0%         N/A       100%        5
 Silence                  Hex/Air        0%         N/A       100%        5


Dungeon Overview and Level Annotations

Branches:
Dungeon (7/15)             Temple (0/1) D:6

Altars:
Nemelex Xobeh
The Shining One

Shops:
D:4 :

Annotations:
D:2 Sigmund
D:7 1 runed translucent door, Harold


Innate Abilities, Weirdness & Mutations

You have a pair of horns on your head.
You reflexively headbutt those who attack you in melee.
Your system is resistant to poisons. (rPois)


Message History

Fire: 238 stones
Press: ? - help, Q - select action, (/) - cycle Shift-Dir - straight line, f/p - Harold
Aim: Harold, wielding a +0 dire flail, wearing a +3 scale mail of fire resistance and quivering 3 throwing nets (moderately wounded, haloed, 92% to hit)
You shoot a stone. The stone hits Harold.
The stone burns Harold.
Harold is moderately wounded.
Harold barely misses you. x2
Fire: 237 stones
Press: ? - help, Q - select action, (/) - cycle Shift-Dir - straight line, f/p - Harold
Aim: Harold, wielding a +0 dire flail, wearing a +3 scale mail of fire resistance and quivering 3 throwing nets (moderately wounded, haloed, 92% to hit)
You shoot a stone. The stone hits Harold.
Harold is heavily wounded.
Harold hits you with a +0 dire flail!
Okay, then.
Your +5 hunting sling of flaming stops flaming.
b - a +0 shortbow (weapon)
Really attack while wielding your +0 shortbow? [Y]es or [N]o only, please.
Really attack while wielding your +0 shortbow? [Y]es or [N]o only, please.
Really attack while wielding your +0 shortbow?
Okay, then.
E - a +3 dire flail (weapon)
Harold drinks a potion.
Harold seems to grow stronger.
You barely miss Harold.
Harold is heavily wounded.
You puncture Harold!
Harold is heavily wounded.
Harold hits you with a +0 dire flail.
You hit Harold but do no damage. You headbutt Harold.
Harold is severely wounded.
Harold hits you with a +0 dire flail!!
* * * LOW HITPOINT WARNING * * *
You hit Harold but do no damage. You headbutt Harold, but do no damage.
Harold is severely wounded.
Harold casts a spell at you. A sentinel's mark forms upon you.
You hit Harold but do no damage.
Harold is severely wounded.
Harold hits you with a +0 dire flail!!
You die...

###.# ##.###### ##'## #)#
#.......# ##...## ###.#
##.####.#####.....## ##.#.#
##........#.......#
###....#########.....##..........
...........).)...................
###....#########.....##..........
##.#.# #.....##.#.......# #...#
#@######.##.....## #.### #@#
#.###...## #.# #.# #.####'## #.#
#.. ..##.#.# #.# #.# ###.#..####
#.# #.# ##.#....... # #.#
#.######.##....### # #.#
#...............## ####.#
########.###...##.


You could see Harold (strong).

Vanquished Creatures
  Pikel (D:4)
  Joseph (D:7)
  A troll (D:5)
  Prince Ribbit (D:7)
  Grinder (D:3)
  3 ice beasts
  A sky beast (D:6)
  A black bear (D:5)
  A centaur (D:6)
  A necrophage (D:5)
  An ogre (D:4)
  A lemure (D:4)
  A phantom (D:6)
  A kobold brigand (D:7)
  Blork the orc (D:5)
  A water moccasin zombie (D:7)
  2 scorpions (D:4)
  5 wights (D:7)
  A bullfrog zombie (D:6)
  Crazy Yiuf (D:3)
  A gnoll shaman (D:4)
  2 orc priests (D:3)
  4 hounds
  A jelly (D:4)
  An iguana (D:7)
  A bullfrog skeleton (D:6)
  Natasha (thrice) (D:3)
  An orc wizard (D:1)
  A howler monkey zombie (D:6)
  11 gnolls
  A howler monkey skeleton (D:5)
  6 adders
  2 ufetubi
  3 worms
  3 dart slugs
  18 orcs
  4 endoplasms
  A giant cockroach (D:3)
  7 goblins
  9 hobgoblins
  8 kobolds
  A quokka (D:1)
  6 ball pythons
  5 bats
  2 frilled lizards (D:1)
  3 rats
132 creatures vanquished.

Vanquished Creatures (others)
  4 fungi (D:1)
  7 plants (D:1)
11 creatures vanquished.

Grand Total: 143 creatures vanquished

Notes
Turn   | Place    | Note
-------+----------+-------------------------------------------
     0 | D:1      | dolemite99 the Minotaur Monk began the quest for the Orb.
     0 | D:1      | Reached XP level 1. HP: 19/19 MP: 0/0
   128 | D:1      | Reached skill level 4 in Axes
   131 | D:1      | Found a faded altar of an unknown god.
   150 | D:1      | Reached XP level 2. HP: 16/26 MP: 1/1
   168 | D:1      | Prayed at the altar of an unknown god.
   168 | D:1      | Became a worshipper of the Shining One
   168 | D:1      | Reached * piety under the Shining One
   168 | D:1      | Reached ** piety under the Shining One
   538 | D:1      | Reached *** piety under the Shining One
   654 | D:1      | Reached skill level 5 in Axes
  1056 | D:1      | HP: 1/39 [orc (2)]
  1058 | D:1      | Reached XP level 3. HP: 2/31 MP: 2/2
  1661 | D:2      | Reached skill level 6 in Axes
  1661 | D:2      | Reached XP level 4. HP: 34/39 MP: 3/3
  2202 | D:2      | Noticed Sigmund
  2258 | D:3      | Reached skill level 1 in Bows
  2467 | D:3      | Reached XP level 5. HP: 45/45 MP: 4/4
  2545 | D:3      | Noticed Natasha
  2553 | D:3      | Killed Natasha
  2614 | D:3      | Reached skill level 7 in Axes
  2682 | D:3      | Noticed Grinder
  3311 | D:3      | Noticed Natasha
  3320 | D:3      | Killed Natasha
  3321 | D:3      | Reached XP level 6. HP: 42/51 MP: 5/5
  3414 | D:3      | Noticed Natasha
  3419 | D:3      | Killed Natasha
  3482 | D:3      | Killed Grinder
  3483 | D:3      | Reached skill level 8 in Axes
  4010 | D:3      | Found a runed translucent door.
  4011 | D:3      | Noticed Crazy Yiuf
  4023 | D:3      | Killed Crazy Yiuf
  4024 | D:3      | Reached XP level 7. HP: 31/57 MP: 6/6
  4239 | D:4      | Reached skill level 9 in Axes
  4496 | D:4      | Found Eboqafa's Book Boutique.
  4523 | D:4      | Found a sparkling altar of Nemelex Xobeh.
  4663 | D:4      | Noticed Pikel
  4698 | D:4      | Gained mutation: Your system is resistant to poisons.
                  | (rPois) [potion of mutation]
  4700 | D:4      | The Shining One protects you from harm!
  4704 | D:4      | Killed Pikel
  4705 | D:4      | Reached skill level 11 in Axes
  4705 | D:4      | Reached XP level 8. HP: 4/64 MP: 7/7
  5173 | D:5      | Entered Level 5 of the Dungeon
  5195 | D:5      | Noticed a troll
  5210 | D:5      | Killed a troll
  5211 | D:5      | Reached skill level 12 in Axes
  5864 | D:5      | Reached skill level 5 in Fighting
  6052 | D:5      | Noticed Blork the orc
  6065 | D:5      | Killed Blork the orc
  6691 | D:5      | Reached XP level 9. HP: 70/79 MP: 8/8
  7007 | D:6      | Found a staircase to the Ecumenical Temple.
  7125 | D:6      | Reached **** piety under the Shining One
  8104 | D:7      | Noticed Joseph
  8127 | D:7      | Killed Joseph
  8387 | D:7      | Found a runed translucent door.
  8453 | D:7      | Reached skill level 10 in Fighting
  8775 | D:7      | Noticed Prince Ribbit
  8782 | D:7      | Killed Prince Ribbit
  9115 | D:7      | Noticed Harold
  9137 | D:7      | Slain by Harold

Illustrated notes

Levels and vault maps discovered:
D:1:      minmay_arrival_radiant_lines, layout_basic,
          dreamdust_ecumenical_altar_grove, chequers_serial_rivers_micro_a
D:2:      layout_basic, minivault_4, minmay_crystal_room, uniq_sigmund
D:3:      layout_loops_corners, minmay_misc_feat_iff,
          kennysheep_generic_room_16, uniq_natasha, uniq_crazy_yiuf_cottage,
          uniq_grinder
D:4:      layout_basic, mainiacjoe_overflow_cross_hatched,
          kennysheep_small_circle, uniq_pikel
D:5:      layout_rooms, nicolae_ossuary_entry_false_entrances,
          minmay_crystal_water, chequers_serial_rivers_micro_b, sigmund_army,
          uniq_blork_the_orc
D:6:      layout_basic, temple_statues
D:7:      layout_loops_corners, lightli_church_of_beogh, uniq_joseph,
          uniq_prince_ribbit1, uniq_harold

Skill      XL: |  1  2  3  4  5  6  7  8  9 |
---------------+----------------------------+-----
Axes           | 4 5 6 7 8 11 12 | 12.5
Bows           | 1 3 |  3.3
Fighting       | 7 10 | 10.8
Slings         | 2 |  2.7
Armour         | |  0.8
Dodging        | |  3.2
Stealth        | |  1.5

Action                   |  1- 3 |  4- 6 |  7- 9 || total
-------------------------+-------+-------+-------++-------
Melee: Hand axe          |    64 |    37 |   101 ||   202
       Headbutt          |    16 |    15 |    36 ||    67
       Punch             |     1 |     1 |     2 ||     4
       Dire flail        |       |       |     5 ||     5
 Fire: Shortbow          |       |    88 |   205 ||   293
       Hunting sling     |       |       |    19 ||    19
Throw: Stone             |     3 |       |     2 ||     5
  Use: Potion            |     1 |       |     4 ||     5
       Scroll            |       |     1 |     9 ||    10
Armor: Robe              |     9 |       |       ||     9
       Leather armour    |     2 |       |       ||     2
       Ring mail         |       |     8 |       ||     8
       Scale mail        |       |     5 |    70 ||    75
       Chain mail        |       |       |    21 ||    21
Dodge: Dodged            |    47 |    39 |   106 ||   192
